 Dungeon Crawl Stone Soup version 0.30-a0-1008-g30c9307041 (webtiles) character file.

Game seed: 18321768871999473679

13 AstroCodex24 the Trooper (level 2, 0/23 HPs)
             Began as a Vampire Fighter on Apr 6, 2023.
             Succumbed to an adder's poison
             ... on level 2 of the Dungeon.
             The game lasted 00:00:47 (77 turns).

AstroCodex24 the Trooper (Vampire Fighter)            Turns: 77, Time: 00:00:48

Health: 0/23       AC:  6    Str: 15    XL:     2   Next: 24%
Magic:  2/2        EV:  8    Int: 10    God:
Gold:   23         SH:  4    Dex: 13    Spells: 1/1 levels left

rFire   . . .      SeeInvis +    a - +0 war axe
rCold   . . .      Faith    .    c - +0 buckler
rNeg    . . .      Spirit   .    b - +0 scale mail
rPois   .          Reflect  .    (no helmet)
rElec   .          Rampage  .    (no cloak)
rCorr   .                        (no gloves)
Will    .....                    (no boots) Stlth
                                 (no amulet)
HPRegen 0.43/turn                (no ring)
MPRegen 0.08/turn                (no ring)

@: mighty, lethally poisoned (0 -> -1), healing quickly
A: alive, fangs 3, see invisible, vampiric 1
a: Exsanguinate


You were on level 2 of the Dungeon.
You visited 1 branch of the dungeon, and saw 2 of its levels.

You collected 23 gold pieces.

Inventory:

Hand Weapons
 a - a +0 war axe (weapon)
Armour
 b - a +0 scale mail (worn)
 c - a +0 buckler (worn)


   Skills:
 + Level 2.9 Fighting
 + Level 2.0 Axes
 + Level 2.5 Armour
 + Level 2.8 Shields


You had one spell level left.
You didn't know any spells.
Your spell library contained the following spells:

 Spells                   Type           Power      Damage    Failure   Level
 Tukima's Dance           Hex            0%         N/A       99%         3
 Anguish                  Hex/Necr       0%         N/A       100%        4
 Enfeeble                 Hex            0%         N/A       100%        7


Dungeon Overview and Level Annotations

Branches:
Dungeon (2/15)

Altars:


Innate Abilities, Weirdness & Mutations

Your natural rate of healing is accelerated.
You have razor-sharp teeth.
You have supernaturally acute eyesight. (SInv)
You are afflicted with vampirism.


Message History

The goblin hits you with a +0 club. You block the adder's attack.
The goblin closely misses you.
You barely miss the goblin. You hit the adder but do no damage.
The adder bites you.
You are poisoned.
The adder poisons you! The goblin hits you with a +0 club.
The adder bites you but does no damage.
You closely miss the goblin. You hit the adder.
You feel sick. The adder bites you but does no damage.
The goblin hits you but does no damage. The adder bites you but does no damage.
The goblin hits you with a +0 club.
You hit the goblin.
The goblin is moderately wounded.
You hit the adder.
You feel sick. The adder closely misses you.
The goblin hits you with a +0 club.
* * * LOW HITPOINT WARNING * * *
The adder barely misses you.
You closely miss the adder.
The adder is heavily wounded.
You closely miss the goblin.
You feel sick.
You are no longer poisoned.
The adder bites you.
* * * LOW HITPOINT WARNING * * *
You are lethally poisoned!
The adder poisons you! The goblin barely misses you.
The adder barely misses you.
You slash the adder!
You kill the adder!
You slash the goblin!
You kill the goblin!
* * * LOW HITPOINT WARNING * * *
You feel sick.
Your Axes skill increases to level 2!
You have reached level 2!
You feel very mighty all of a sudden.
* * * LOW HITPOINT WARNING * * *
You feel sick.
As you read the scroll labelled ICSESECZEONE, it crumbles to dust.
It is a scroll of identify.
You don't currently have any unidentified items.
You die...

#.......#..#
.........#..#######
#.#.#######........#
#.#.# ##.#####.# #
#.# #.# ####.#####.#
+......S....
..[####.#####..
.......@.#
...####).# .....
.....## .....>#
####..## #..# #..#


There were no monsters in sight!

Vanquished Creatures
  An adder (D:2)
  A goblin (D:2)
  A hobgoblin (D:2)
  A bat (D:1)
4 creatures vanquished.

Notes
Turn   | Place    | Note
-------+----------+-------------------------------------------
     0 | D:1      | AstroCodex24 the Vampire Fighter began the quest for the
                  | Orb.
     0 | D:1      | Reached XP level 1. HP: 17/17 MP: 1/1
    45 | D:2      | Got Sif Muna's Grimoire of Jinxing
    76 | D:2      | Reached XP level 2. HP: 1/23 MP: 2/2
    76 | D:2      | HP: 1/23 [poisoned by an adder]
    77 | D:2      | Succumbed to an adder's poison

Illustrated notes

Levels and vault maps discovered:
D:1:      lightli_arrival_chessboard, layout_rooms, serial_shops, shop
D:2:      layout_basic, uniq_crazy_yiuf_cottage

Skill      XL: |  1 |
---------------+----+-----
Axes           | 2 |  2.0
Fighting       | |  2.9
Armour         | |  2.5
Shields        | |  2.8

Action                     || total
---------------------------++-------
  Melee: War axe           ||    13
    Use: Scroll            ||     1
         Potion            ||     1
 Armour: Scale mail        ||     8
  Dodge: Dodged            ||     6
  Block: Buckler           ||     1

Table legend: (Time is in decaauts)
 A = Elapsed time spent in this place.
 B = Non-inter-level travel time spent in this place.
 C = Inter-level travel time spent in this place.
 D = Time resting spent in this place.
 E = Time spent auto-exploring this place.
 F = Levels seen in this place.
 G = Mean time per level.
                   A        B        C        D        E       F      G
               +--------+--------+--------+--------+--------+-----+--------+
         Total |     82 |     78 |      4 |      0 |      0 |   2 |   41.0 |
       Dungeon |     82 |     78 |      4 |      0 |      0 |   2 |   41.0 |
               +--------+--------+--------+--------+--------+-----+--------+

Top non-repeatable levels by time:
     D:2: 51 daAuts
     D:1: 31 daAuts
